 Dungeon Crawl Stone Soup version 0.29-a0-370-gb5314be063 (webtiles) character file.

Game seed: 10595608923973014054

10549 Lekart the Cleaver (level 11, 0/94 HPs)
             Began as a Green Draconian Fighter on May 1, 2022.
             Was the Champion of Cheibriados.
             Killed from afar by a frost giant (45 damage)
             ... with a bolt of cold
             ... on level 11 of the Dungeon.
             The game lasted 00:16:36 (10781 turns).

Lekart the Cleaver (Green Draconian Fighter)       Turns: 10781, Time: 00:16:37

Health: 0/94       AC:  7    Str: 34    XL:     11   Next: 37%
Magic:  17/17      EV: 37    Int: 22    God:    Cheibriados [******]
Gold:   689        SH: 10    Dex: 37    Spells: 10/10 levels left

rFire   + . .      SeeInvis .   e - +5 hand axe "Kofukip" {flame, rPois rF+ Int-3 Dex+7}
rCold   . . .      Faith    .   b - +1 buckler
rNeg    . . .      Spirit   .   (body armour unavailable)
rPois   +          Reflect  .   (helmet restricted)
rElec   .          Harm     .   (no cloak)
rCorr   .          Rampage  .   (no gloves)
Will    .....                   (no boots)
Stlth   +++.......              h - amulet of the acrobat
HPRegen 0.25/turn               p - ring of flight
MPRegen 0.15/turn               (no ring)

@: short of breath, acrobatic, flying, very slow
A: breathe noxious fumes, AC +7, unfitting armour, poison resistance,
cold-blooded, clever 1, MP-powered wands, noise suppression
a: Breathe Noxious Fumes, Renounce Religion, Bend Time, Temporal Distortion,
Slouch, Step From Time


You were on level 11 of the Dungeon.
You worshipped Cheibriados.
Cheibriados was exalted by your worship.
You visited 2 branches of the dungeon, and saw 12 of its levels.
You also visited: Sewer.

You collected 689 gold pieces.

Inventory:

Hand Weapons
 a - a +0 war axe
 e - the +5 hand axe "Kofukip" (weapon) {flame, rPois rF+ Int-3 Dex+7}
   (You found it on level 2 of the Dungeon)

   It burns those it strikes, dealing additional fire damage.
   Big, fiery blades are also staple armaments of hydra-hunters.
   Int:       It affects your intelligence (-3).
   Dex:       It affects your dexterity (+7).
   rF:        It protects you from fire.
   rPois:     It protects you from poison.
Armour
 b - a +1 buckler (worn)
Jewellery
 h - an amulet of the acrobat (around neck)
 p - a ring of flight (left hand)
 z - a +6 ring of dexterity
Wands
 o - a wand of iceblast (7)
 t - a wand of flame (37)
 w - a wand of acid (6)
 D - a wand of polymorph (9)
Scrolls
 d - 7 scrolls of amnesia
 g - 5 scrolls of fear
 i - 3 scrolls of teleportation
 m - a scroll of enchant armour
 u - 2 scrolls of fog
 y - a scroll of magic mapping
 A - a scroll of holy word
 E - 2 scrolls of enchant weapon
 F - a scroll of identify
Potions
 c - 6 potions of might
 f - 7 potions of curing
 j - 5 potions of lignification
 k - 5 potions of magic
 l - a potion of resistance
 n - 2 potions of berserk rage
 q - 4 potions of ambrosia
 r - 3 potions of mutation
 s - a potion of attraction
 v - a potion of flight
 x - a potion of invisibility
 B - a potion of brilliance
 C - 2 potions of heal wounds


   Skills:
 + Level 8.1 Fighting
 + Level 11.0 Axes
 + Level 7.6 Dodging
 + Level 7.2 Shields
 * Level 8.7 Invocations
 + Level 0.3 Evocations


You had 10 spell levels left.
You didn't know any spells.
Your spell library contained the following spells:

 Spells                   Type           Power      Damage    Failure   Level
 Apportation              Tloc           0%         N/A       21%         1
 Foxfire                  Conj/Fire      0%         2x1d4     21%         1
 Shock                    Conj/Air       0%         1d3       21%         1
 Gell's Gravitas          Tloc           0%         N/A       52%         3
 Lesser Beckoning         Tloc           0%         N/A       52%         3
 Stone Arrow              Conj/Erth      0%         3d7       52%         3
 Teleport Other           Tloc           0%         N/A       52%         3
 Tukima's Dance           Hex            0%         N/A       52%         3
 Anguish                  Hex/Necr       0%         N/A       90%         4
 Alistair's Intoxication  Tmut/Pois      0%         N/A       99%         5
 Blade Hands              Tmut           0%         N/A       99%         5
 Iron Shot                Conj/Erth      0%         9d1       100%        6
 Enfeeble                 Hex            0%         N/A       100%        7
 Lehudib's Crystal Spear  Conj/Erth      0%         10d2      100%        8
 Animate Armour           Summ/Erth      Unusable   N/A       N/A         4

Dungeon Overview and Level Annotations

Branches:
Dungeon (11/15)            Temple (1/1) D:7            Lair (0/6) D:9
  Sewer (visited)
    Orc: D:9-12

Altars:
Ashenzari
Cheibriados
Dithmenos
Elyvilon
Fedhas
Gozag
Hepliaklqana
Kikubaaqudgha
Makhleb
Nemelex Xobeh
Okawaru
Qazlal
Ru
Sif Muna
Trog
Uskayaw
Vehumet
Wu Jian
Xom
Yredelemnul
Zin
The Shining One

Shops:
D:3 (

Portals:
Abyss: D:5


Innate Abilities, Weirdness & Mutations

You can breathe blasts of noxious fumes.
Your lurid green scales are hard. (AC +7)
You cannot fit into any form of body armour.
Your system is resistant to poisons. (rPois)
You are cold-blooded and may be slowed by cold attacks.
Your mind is acute. (Int +2)
You expend magic power (3 MP) to strengthen your wands.
You passively dampen the noise of your surroundings.


Message History

You tail-slap the centaur warrior.
The centaur warrior is severely wounded.
The centaur warrior barely misses you. You block the centaur warrior's attack.
You slash the centaur warrior! You burn the centaur warrior.
You kill the centaur warrior!
Cheibriados appreciates the change of pace.
Your Axes skill increases to level 11!
No target in view!
Things that are here:
a +0 longbow; a centaur corpse No target in view!
A frost giant comes into view.
It is wielding a +1 battleaxe of freezing.
A frost giant is nearby!
An ettin comes into view.
It is wielding a +0 dire flail and a +0 dire flail of distortion.
Activating: Slouch (3% risk of failure)
Press: ? - help, Dir - look around, f - activate There's no one hasty visible.
Invoke Slouch anyway? [Y]es or [N]o only, please.
There's no one hasty visible.
Invoke Slouch anyway?
Okay, then.
The frost giant points at you and mumbles some strange words.
The bolt of cold hits you!!!
Ouch! That really hurt!
The frost giant gestures at you while chanting.
The bolt of cold misses you.
You hear two shouts!
The frost giant gestures at you while chanting.
The bolt of cold misses you.
Things that are here:
a +0 longbow; a centaur corpse
Aiming: Breathe Noxious Fumes (3% risk of failure)
Press: ? - help, Shift-Dir - straight line, f - frost giant
Aim: a frost giant, wielding a +1 battleaxe of freezing (97% to hit)
You exhale a blast of noxious fumes.
The blast of choking fumes hits the frost giant but does no damage.
The frost giant is engulfed in noxious fumes.
The frost giant seems less confused.
The frost giant points at you and mumbles some strange words.
The bolt of cold hits you!!!
You die...

......≈≈≈..........
........≈§......#
................#
......#....#....#
......#....#....#
......#....#....#
....
######....######
####.#...C##
.......#@####.#
.......### #.#
....... #C###.#
....... #...##
....... #C###.#
....... .# .......
.# ##


You could see a frost giant.

Vanquished Creatures
  A boulder beetle (D:11)
  A centaur warrior (D:11)
  A two-headed ogre (D:11)
  A cyclops (D:11)
  A troll (D:10)
  A hornet (D:9)
  The ghost of nubinia the Magician, an amateur DEVM (D:5)
  A wraith (D:11)
  2 basilisks (D:9)
  A wyvern (D:9)
  11 yaks
  A steam dragon (D:9)
  2 acid dragons (D:11)
  A small abomination (D:5)
  3 water moccasins
  4 sky beasts
  3 black bears
  An ogre (D:5)
  7 orc warriors
  A phantom (D:5)
  2 kobold brigands (D:5)
  7 bullfrogs
  A gnoll sergeant (D:10)
  A necrophage (D:5)
  5 scorpions
  5 wights (D:6)
  10 killer bees (D:8)
  7 howler monkeys
  7 jellies
  A gnoll shaman (D:4)
  5 hounds
  7 orc priests
  2 iguanas
  18 orc wizards
  Robin (D:2)
  12 gnolls
  11 adders
  A river rat (Sewer)
  A shadow imp (D:6)
  2 white imps (D:5)
  2 ufetubi (D:5)
  3 worms
  3 dart slugs
  34 orcs
  8 ball pythons
  4 bats
  8 endoplasms
  8 giant cockroaches
  14 goblins
  14 hobgoblins
  5 jackals
  4 kobolds
  4 quokkas
  10 frilled lizards
  4 rats
276 creatures vanquished.

Vanquished Creatures (collateral kills)
  2 orc wizards (D:4)
2 creatures vanquished.

Vanquished Creatures (others)
  A fungus (D:1)
  2 plants (D:1)
3 creatures vanquished.

Grand Total: 281 creatures vanquished

Notes
Turn   | Place    | Note
-------+----------+-------------------------------------------
     0 | D:1      | Lekart the Draconian Fighter began the quest for the Orb.
     0 | D:1      | Reached XP level 1. HP: 19/19 MP: 1/1
   237 | D:1      | Reached XP level 2. HP: 26/26 MP: 2/2
   427 | D:1      | Found a faded altar of an unknown god.
   436 | D:1      | Got Plato's Collected Works on Lightness
   441 | D:1      | Prayed at the altar of an unknown god.
   441 | D:1      | Became a worshipper of Cheibriados the Contemplative
   441 | D:1      | Reached * piety under Cheibriados
   598 | D:1      | Reached ** piety under Cheibriados
   631 | D:1      | Reached XP level 3. HP: 31/31 MP: 3/3
  1060 | D:2      | Identified the +5 hand axe "Kofukip" {flame, rPois rF+
                  | Int-3 Dex+7}
  1105 | D:2      | Noticed Robin
  1116 | D:2      | Killed Robin
  1117 | D:2      | Reached skill level 1 in Invocations
  1117 | D:2      | Reached XP level 4. HP: 39/40 MP: 4/4
  1190 | D:2      | You fall into a shaft and drop 2 floors!
  1248 | D:3      | Found a glowing drain.
  1261 | Sewer    | Entered a sewer
  1299 | Sewer    | Reached skill level 3 in Axes
  1321 | Sewer    | Reached *** piety under Cheibriados
  1377 | Sewer    | Found a viscous altar of Jiyva.
  1389 | Sewer    | Reached XP level 5. HP: 29/46 MP: 6/6
  1879 | D:3      | Reached skill level 4 in Axes
  1879 | D:3      | Reached XP level 6. HP: 46/52 MP: 7/7
  2018 | D:3      | Reached **** piety under Cheibriados
  2207 | D:3      | Found Ytrou's Antique Weapon Shop.
  2232 | D:3      | Found a radiant altar of Vehumet.
  2902 | D:4      | Found a shimmering blue altar of Sif Muna.
  3178 | D:4      | Found a hide-covered altar of Uskayaw.
  3205 | D:4      | Your scales start taking on a lurid green colour.
  3205 | D:4      | Reached XP level 7. HP: 59/59 MP: 9/9
  3205 | D:4      | Gained mutation: Your system is resistant to poisons.
                  | (rPois) [Green Draconian growth]
  3206 | D:4      | Reached ***** piety under Cheibriados
  3507 | D:4      | Got Sif Muna's Handbook of Ignition
  3512 | D:4      | Gained mutation: You expend magic power (3 MP) to
                  | strengthen your wands. [potion of mutation]
  3512 | D:4      | Gained mutation: You have hidden genetic potential. [potion
                  | of mutation]
  3526 | D:5      | Entered Level 5 of the Dungeon
  3528 | D:5      | Found a transporter.
  3537 | D:5      | Reached skill level 5 in Axes
  3860 | D:5      | Noticed a yak
  3861 | D:5      | Noticed a yak
  3864 | D:5      | Reached XP level 8. HP: 67/67 MP: 9/11
  3869 | D:5      | Reached skill level 6 in Axes
  3869 | D:5      | Gained mutation: You passively dampen the noise of your
                  | surroundings. [hidden potential]
  3875 | D:5      | Reached skill level 5 in Fighting
  3875 | D:5      | Reached skill level 5 in Dodging
  3888 | D:5      | Reached skill level 5 in Shields
  3888 | D:5      | Reached skill level 5 in Invocations
  3891 | D:5      | Reached skill level 7 in Axes
  3900 | D:5      | HP: 1/69 [yak (8)]
  3905 | D:5      | Reached XP level 9. HP: 30/75 MP: 4/12
  3917 | D:5      | Gained mutation: Your mind is acute. (Int +2) [hidden
                  | potential]
  3917 | D:5      | Lost mutation: You have hidden genetic potential. [hidden
                  | potential expressed]
  4492 | D:5      | Found a transporter.
  4530 | D:5      | Found a one-way gate to the infinite horrors of the Abyss.
  4530 | D:5      | Noticed nubinia's ghost (amateur DEVM)
  4683 | D:5      | Killed nubinia's ghost
  4684 | D:5      | Reached skill level 8 in Axes
  5629 | D:6      | Identified the +9 rapier of Karma {vorpal, +Blink Int+5
                  | Stlth-}
  6373 | D:7      | Found a glowing silver altar of Zin.
  6373 | D:7      | Noticed an angel
  6458 | D:7      | Reached XP level 10. HP: 84/84 MP: 15/15
  6492 | D:7      | Found a staircase to the Ecumenical Temple.
  6513 | Temple   | Entered the Ecumenical Temple
  6611 | D:7      | Found an ornate altar of the Wu Jian Council.
  6670 | D:7      | Found a shadowy altar of Dithmenos.
  6717 | D:8      | Reached skill level 9 in Axes
  6719 | D:8      | Reached ****** piety under Cheibriados
  7544 | D:8      | Found a sacrificial altar of Ru.
  7652 | D:9      | Paralysed by a hornet for 3 turns
  7659 | D:9      | Paralysed by a hornet for 3 turns
  7661 | D:9      | HP: 4/86 [hornet (11)]
  8097 | D:9      | Found a shimmering altar of Xom.
  8114 | D:9      | Found a staircase to the Lair.
  8270 | D:9      | Found a snail-covered altar of Cheibriados.
  8452 | D:9      | Reached skill level 10 in Axes
  8806 | D:10     | Entered Level 10 of the Dungeon
  9290 | D:10     | Reached XP level 11. HP: 78/93 MP: 17/17
  9721 | D:10     | Found a white marble altar of Elyvilon.
 10180 | D:11     | Noticed a boulder beetle
 10203 | D:11     | Killed a boulder beetle
 10399 | D:11     | Noticed a two-headed ogre
 10407 | D:11     | Killed a two-headed ogre
 10681 | D:11     | Found a stormy altar of Qazlal.
 10707 | D:11     | Noticed a centaur warrior
 10716 | D:11     | Killed a centaur warrior
 10717 | D:11     | Reached skill level 11 in Axes
 10771 | D:11     | Noticed a frost giant
 10772 | D:11     | Noticed an ettin
 10781 | D:11     | Killed from afar by a frost giant

Illustrated notes

Levels and vault maps discovered:
D:1:      sevenhm_arrival_forest_fort_small_3, layout_loops_ring,
          shapermc_ecumenical_altar_rom_forum, st_stairs_12
D:2:      layout_basic, grunt_ministairs_9, grunt_decor_mini_mirrors, uniq_robin
D:3:      layout_basic, amcnicky_altar_gilded, serial_shops,
          nicolae_shop_behind_doors, portal_sewer_entry_d
D:4:      layout_loops_cross, mainiacjoe_overflow_surrounded_room, led_sif_book
D:5:      minmay_chambers_of_threes, layout_loops_ring,
          gammafunk_ghost_abyssal_escape
D:6:      layout_basic
D:7:      layout_basic, zin_angel, mainiacjoe_overflow_two_lobes,
          minmay_temple_entry_slanted
D:8:      layout_loops_ring, general_overflow_altar, nrook_uturn,
          grunt_ministairs_10
D:9:      layout_rooms, chei_slow_surprise, mainiacjoe_overflow_six_doors_small,
          david_lair_generic
D:10:     layout_gridville, kennysheep_mini_moat, corexii_checkpoint_b
D:11:     minmay_mutant_horseshoe, layout_stronghold,
          nicolae_qazlal_general_emergency
Temple:   nicolae_temple_no_exploring_needed

Skill      XL: |  1  2  3  4  5  6  7  8  9 10 11 |
---------------+----------------------------------+-----
Dodging        | 3 4 5 6 7 |  7.6
Invocations    | 1 2 3 4 5 6 8 |  8.7
Axes           | 3 4 5 7 8 10 11 | 11.0
Fighting       | 4 5 6 7 8 |  8.1
Shields        | 4 5 6 7 |  7.2
Evocations     | |  0.3

Action                   |  1- 3 |  4- 6 |  7- 9 | 10-12 || total
-------------------------+-------+-------+-------+-------++-------
Melee: War axe           |    74 |       |       |       ||    74
       Tailslap          |     9 |    16 |    44 |    54 ||   123
       Hand axe          |    16 |   124 |   225 |   245 ||   610
Invok: Slouch            |       |       |     2 |     1 ||     3
       Step From Time    |       |       |       |     1 ||     1
       Bend Time         |       |       |       |     1 ||     1
 Abil: Breathe Noxious F |       |       |     2 |     4 ||     6
Evoke: Wand              |       |       |       |     3 ||     3
  Use: Scroll            |     4 |     6 |    10 |     7 ||    27
       Potion            |       |     1 |     4 |     1 ||     6
 Stab: Sleeping          |       |     6 |     5 |     4 ||    15
       Confused          |       |       |     2 |     6 ||     8
Armor: Skin              |    30 |    29 |    44 |    23 ||   126
Dodge: Dodged            |    65 |   101 |   143 |   157 ||   466
Block: Buckler           |    25 |    59 |   107 |    85 ||   276

Table legend: (Time is in decaauts)
 A = Elapsed time spent in this place.
 B = Non-inter-level travel time spent in this place.
 C = Inter-level travel time spent in this place.
 D = Time resting spent in this place.
 E = Time spent auto-exploring this place.
 F = Levels seen in this place.
 G = Mean time per level.
                   A        B        C        D        E       F      G
               +--------+--------+--------+--------+--------+-----+--------+
         Total |  16197 |  15626 |    571 |    930 |  12210 |  13 | 1245.9 |
       Dungeon |  15475 |  14904 |    571 |    721 |  11858 |  11 | 1406.8 |
        Temple |      1 |      1 |      0 |      0 |      0 |   1 |    1.0 |
         Sewer |    719 |    719 |      0 |    209 |    351 |   1 |  719.0 |
               +--------+--------+--------+--------+--------+-----+--------+

Top non-repeatable levels by time:
     D:5: 2196 daAuts
     D:8: 1791 daAuts
     D:6: 1649 daAuts
    D:10: 1638 daAuts
     D:9: 1412 daAuts
    D:11: 1329 daAuts
     D:1: 1305 daAuts
     D:4: 1243 daAuts
     D:7: 1106 daAuts
     D:3: 1030 daAuts
     D:2: 771 daAuts
   Sewer: 719 daAuts
  Temple: 1 daAuts
